 Dungeon Crawl Stone Soup version 0.24-a0-373-g39439d866b (webtiles) character file.

Game seed: 10852762986833075481

7756 vurker the Whirler (level 11, -4/77 HPs)
             Began as a Halfling Hunter on May 30, 2019.
             Was an Elder of Okawaru.
             Slain by a tengu warrior
             ... wielding a +0 broad axe
              (6 damage)
             ... on level 11 of the Dungeon.
             The game lasted 00:39:45 (11541 turns).

vurker the Whirler (Halfling Hunter)               Turns: 11541, Time: 00:39:45

Health: -4/77      AC: 10    Str: 16    XL:     11   Next: 43%
Magic:  25/25      EV: 10    Int:  9    God:    Okawaru [****..]
Gold:   563        SH:  0    Dex: 20    Spells: 10/10 levels left

rFire    + . .     SeeInvis .   a - +1 hunting sling
rCold    + . .     Gourm    .   (shield restricted)
rNeg     + . .     Faith    .   k - +0 chain mail
rPois    .         Spirit   .   (no helmet)
rElec    .         Reflect  .   (no cloak)
rCorr    .         Harm     .   (no gloves)
MR       .....                  y - +0 pair of boots (curse)
Stlth    ..........             (no amulet)
HPRegen  0.22/turn              r - ring of the Furies {rF+ rC+ MP+9 Dex+4}
MPRegen  0.19/turn              c - ring of positive energy

@: very slightly contaminated
A: small, mutation resistance 1
a: Heroism, Renounce Religion


You were on level 11 of the Dungeon.
You worshipped Okawaru.
Okawaru was greatly pleased with you.
You were not hungry.

You visited 1 branch of the dungeon, and saw 11 of its levels.
You also visited: Sewer.

You collected 563 gold pieces.

Inventory:

Hand Weapons
 a - a +1 hunting sling (weapon)
 b - a +0 short sword of venom
   (You took it off an orc on level 11 of the Dungeon)
Missiles
 f - 235 stones
 C - a throwing net {!f}
 I - 56 sling bullets (quivered)
Armour
 k - a +0 chain mail (worn)
   (You found it on level 7 of the Dungeon)
 y - a cursed +0 pair of boots (worn)
   (You found it on level 7 of the Dungeon)
 z - a +0 plate armour
   (You took it off a wight on level 7 of the Dungeon)
Jewellery
 c - a ring of positive energy (right hand)
   (You found it on level 8 of the Dungeon)
 r - the ring of the Furies (left hand) {rF+ rC+ MP+9 Dex+4}
   (You found it on level 4 of the Dungeon)

   [ring of magical power]

   It affects your dexterity (+4).
   It protects you from fire.
   It protects you from cold.
   It affects your magic capacity (+9).
Wands
 v - a wand of digging (4)
   (You took it off Edmund on level 5 of the Dungeon)
 G - a wand of scattershot (9)
   (You found it on level 10 of the Dungeon)
Scrolls
 g - 2 scrolls of amnesia
 j - 6 scrolls of remove curse {@r2}
 o - 6 scrolls of fear
 p - 6 scrolls of teleportation {@r4}
 u - 5 scrolls of fog
 x - a scroll of magic mapping
 A - a scroll of immolation {!r}
 B - a scroll of enchant weapon
 D - a scroll of vulnerability {!r}
 E - 2 scrolls of identify {@r1}
 H - a scroll of silence {unknown}
Potions
 i - 4 potions of flight
 l - 3 potions of curing {@q1}
 m - 2 potions of agility
 n - 2 potions of cancellation
 q - 2 potions of brilliance
 s - a potion of invisibility
 t - a potion of berserk rage
 w - a potion of mutation {!q}
 F - a potion of resistance {unknown}
Comestibles
 e - 21 rations {!d}
 h - 13 chunks of flesh


   Skills:
 + Level 8.2 Fighting
 * Level 17.1 Slings
 + Level 4.3 Armour
 - Level 2.1 Dodging
 - Level 1.1 Stealth
 + Level 6.9 Invocations


You had 10 spell levels left.
You didn't know any spells.
Your spell library contained the following spells:

 Spells                   Type           Power        Failure   Level  Hunger
 Animate Skeleton         Necr           N/A          100%        1    ##.....
 Apportation              Tloc           #.....       100%        1    ##.....
 Confusing Touch          Hex            #.....       100%        1    ##.....
 Corona                   Hex            #......      100%        1    ##.....
 Flame Tongue             Conj/Fire      #....        100%        1    ##.....
 Infusion                 Chrm           #...         100%        1    ##.....
 Sandblast                Erth           #.....       100%        1    ##.....
 Summon Small Mammal      Summ           #...         100%        1    ##.....
 Ensorcelled Hibernation  Hex/Ice        #.....       100%        2    ###....
 Passwall                 Tmut/Erth      #.......     100%        2    ###....
 Shroud of Golubria       Chrm/Tloc      #.........   100%        2    ###....
 Song of Slaying          Chrm           #.......     100%        2    ###....
 Throw Flame              Conj/Fire      #.....       100%        2    ###....
 Confuse                  Hex            #.......     100%        3    ####...
 Conjure Flame            Conj/Fire      #.......     100%        3    ####...
 Dazzling Spray           Conj/Hex       #.....       100%        3    ####...
 Inner Flame              Hex/Fire       #.......     100%        3    ####...
 Regeneration             Chrm/Necr      #.........   100%        3    ####...
 Spectral Weapon          Hex/Chrm       #.......     100%        3    ####...
 Stone Arrow              Conj/Erth      #.....       100%        3    ####...
 Tukima's Dance           Hex            #.......     100%        3    ####...
 Petrify                  Tmut/Erth      #.......     100%        4    #####..
 Sticky Flame             Conj/Fire      #.......     100%        4    #####..
 Fireball                 Conj/Fire      #.........   100%        5    ######.
 Lee's Rapid Deconstruct  Erth           #.........   100%        5    ######.


Dungeon Overview and Level Annotations

Branches:
Dungeon (11/15)            Temple (0/1) D:6            Lair (0/6) D:9
    Orc (0/2) D:11

Altars:
Cheibriados
Dithmenos
Gozag
Hepliaklqana
Kikubaaqudgha
Makhleb
Nemelex Xobeh
Okawaru
Sif Muna
Trog
Xom
Zin

Shops:
D:4 :   D:9 :   D:10 ?

Annotations:
D:8 1 runed translucent door, 2 transporters, Ijustatesigmund's ghost, novice OpFi
D:10 1 transporter, HydraWiggins's ghost, novice TrAE


Innate Abilities, Weirdness & Mutations

You are small and have problems with some larger weapons.
You are somewhat resistant to further mutation.


Message History

* * * LOW HITPOINT WARNING * * *
Firing (i - inventory. (/) - cycle)
I - 60 sling bullets (quivered)
Aim: a bullfrog (moderately wounded)
You shoot a sling bullet. The sling bullet hits the bullfrog!
Firing (i - inventory. (/) - cycle)
I - 59 sling bullets (quivered)
Aim: a bullfrog (almost dead)
You shoot a sling bullet.
The sling bullet hits the tengu warrior.
Firing (i - inventory. (/) - cycle)
I - 58 sling bullets (quivered)
Aim: a bullfrog (almost dead)
You shoot a sling bullet.
The sling bullet closely misses the bullfrog.
You feel like a meek peon again.
Firing (i - inventory. (/) - cycle)
I - 57 sling bullets (quivered)
Aim: a bullfrog (almost dead)
You shoot a sling bullet.
The sling bullet closely misses the bullfrog.
The bullfrog misses you.
The tengu warrior completely misses you.
The tengu warrior pecks you but does no damage.
The tengu warrior claws you.
* * * LOW HITPOINT WARNING * * *
The bullfrog hits you but does no damage.
Okay, then.
Okay, then.
Aim: a bullfrog (almost dead)
The tengu warrior blocks the burst of metal fragments.
The burst of metal fragments hits the bullfrog!
You kill the bullfrog!
Okawaru accepts your kill.
The burst of metal fragments hits the tengu warrior but does no damage.
Aim: a tengu warrior, wielding a +0 broad axe, wearing a +0 ring mail and wearing a +0 buckler (severely wounded)
The tengu warrior blocks the burst of metal fragments. x2
The tengu warrior hits you with a +0 broad axe!
* * * LOW HITPOINT WARNING * * *
The tengu warrior pecks you.
* * * LOW HITPOINT WARNING * * *
The tengu warrior claws you.
* * * LOW HITPOINT WARNING * * *
Aim: a tengu warrior, wielding a +0 broad axe, wearing a +0 ring mail and wearing a +0 buckler (severely wounded)
The burst of metal fragments hits the tengu warrior but does no damage.
The burst of metal fragments hits the tengu warrior.
The tengu warrior blocks the burst of metal fragments.
Unknown command.
Aim: a tengu warrior, wielding a +0 broad axe, wearing a +0 ring mail and wearing a +0 buckler (severely wounded)
The burst of metal fragments hits the tengu warrior but does no damage.
The tengu warrior blocks the burst of metal fragments.
The burst of metal fragments hits the tengu warrior but does no damage.
The tengu warrior hits you with a +0 broad axe.
You die...

..............#.#.
#######.......#.##
#.#######...
#...........
#........... #
#.........## ..#.#
#.........#
#.....#######...(.....#
.......@Q.(.(.....(...##
..........(.............
########################


You could see a tengu warrior.

Vanquished Creatures
  A glowing orange brain (D:11)
  An ugly thing (D:10)
  Joseph (D:10)
  Psyche (D:11)
  2 trolls (D:11)
  Grinder (D:3)
  2 hippogriffs
  Sigmund (D:2)
  2 wyverns
  A hungry ghost (D:7)
  Edmund (D:5)
  2 water moccasins (D:11)
  2 sky beasts
  3 orc warriors
  2 ice beasts (D:7)
  Purgy (Sewer)
  2 phantoms
  6 ogres
  3 centaurs
  6 bullfrogs
  3 scorpions
  13 wights
  A quasit (D:11)
  A howler monkey (D:6)
  2 bullfrog zombies
  6 crimson imps
  6 orc priests
  2 bullfrog skeletons
  7 hounds
  2 jellies (D:7)
  A centaur skeleton (D:7)
  Terence (D:3)
  2 iguanas
  4 orc wizards
  Natasha (thrice) (D:3)
  6 worker ants
  A killer bee zombie (D:5)
  A hound zombie (D:8)
  A worker ant zombie (D:7)
  12 adders
  A howler monkey skeleton (D:8)
  4 oozes
  2 adder zombies
  An adder skeleton (D:4)
  6 worms
  3 dart slugs (D:2)
  5 leopard geckos
  47 orcs
  7 ball pythons
  7 bats
  2 bat zombies (D:9)
  8 giant cockroaches
  4 goblins
  3 hobgoblins
  3 jackals (D:8)
  6 quokkas
  2 frilled lizards (D:2)
  A giant cockroach zombie (D:5)
  A jackal skeleton (D:8)
  11 kobolds
  A leopard gecko skeleton (D:8)
  16 rats
  4 rat zombies (D:9)
261 creatures vanquished.

Notes
Turn   | Place    | Note
-------+----------+-------------------------------------------
     0 | D:1      | vurker the Halfling Hunter began the quest for the Orb.
     0 | D:1      | Reached XP level 1. HP: 14/14 MP: 1/1
    23 | D:1      | Reached skill level 6 in Slings
   300 | D:1      | Reached XP level 2. HP: 19/19 MP: 2/2
   480 | D:1      | Reached XP level 3. HP: 24/24 MP: 3/3
   913 | D:2      | Reached skill level 7 in Slings
   986 | D:2      | Reached XP level 4. HP: 24/30 MP: 4/4
  1074 | D:2      | Noticed Sigmund
  1085 | D:2      | Killed Sigmund
  1085 | D:2      | Reached skill level 8 in Slings
  1085 | D:2      | Reached XP level 5. HP: 34/36 MP: 5/5
  1085 | D:2      | Reached XP level 6. HP: 40/42 MP: 6/6
  1458 | D:2      | Reached skill level 9 in Slings
  2342 | D:3      | Noticed Natasha
  2351 | D:3      | Killed Natasha
  2462 | D:3      | Noticed Grinder
  2481 | D:3      | Killed Grinder
  2481 | D:3      | Reached skill level 10 in Slings
  2481 | D:3      | Reached XP level 7. HP: 28/48 MP: 7/7
  2679 | D:3      | Noticed Natasha
  2689 | D:3      | Killed Natasha
  2911 | D:3      | Found a bloodstained altar of Trog.
  2911 | D:3      | Noticed Terence
  2916 | D:3      | Killed Terence
  3224 | D:3      | Noticed Natasha
  3235 | D:3      | Killed Natasha
  3269 | D:4      | Found Siatio's Book Emporium.
  3310 | D:4      | Reached skill level 11 in Slings
  3446 | D:4      | Found a hazy altar of Hepliaklqana.
  3449 | D:4      | Found an iron altar of Okawaru.
  3465 | D:4      | Reached XP level 8. HP: 54/54 MP: 8/8
  3472 | D:4      | Found a snail-covered altar of Cheibriados.
  3548 | D:4      | Got a wavering brass ring
  3633 | D:4      | Got a transparent flail
  3948 | D:4      | Identified the ring of the Furies {rF+ rC+ MP+9 Dex+4} (You
                  | found it on level 4 of the Dungeon)
  3978 | D:5      | Entered Level 5 of the Dungeon
  3994 | D:5      | Reached skill level 5 in Fighting
  4112 | D:5      | Noticed Edmund
  4113 | D:5      | Reached skill level 12 in Slings
  4133 | D:5      | Killed Edmund
  4390 | D:4      | Became a worshipper of Warmaster Okawaru
  4440 | D:5      | Found a burning altar of Makhleb.
  4440 | D:5      | Noticed a green death
  4443 | D:5      | Noticed a ynoxinul
  4443 | D:5      | Noticed a ynoxinul
  4617 | D:5      | Found a glowing drain.
  4627 | Sewer    | Entered a sewer
  4650 | Sewer    | Noticed Purgy
  4670 | Sewer    | Killed Purgy
  4845 | D:5      | Found a sparkling altar of Nemelex Xobeh.
  4863 | D:6      | Reached skill level 13 in Slings
  4863 | D:6      | Reached XP level 9. HP: 59/62 MP: 9/9
  4934 | D:6      | Reached skill level 1 in Invocations
  5018 | D:6      | Found an opulent altar of Gozag.
  5338 | D:6      | Found a staircase to the Ecumenical Temple.
  5518 | D:7      | Found a sparkling altar of Nemelex Xobeh.
  5715 | D:7      | Reached * piety under Okawaru
  5726 | D:7      | Reached skill level 14 in Slings
  5857 | D:7      | Found a shadowy altar of Dithmenos.
  6523 | D:8      | Identified the +7 flail of Ru's Displeasure {drain, *Rage
                  | rPois rC+ Str+3} (You found it on level 4 of the Dungeon)
  6553 | D:8      | Noticed an angel
  6554 | D:8      | Found a glowing silver altar of Zin.
  6607 | D:8      | Found a runed translucent door.
  6607 | D:8      | Noticed a two-headed ogre
  6653 | D:8      | Reached XP level 10. HP: 69/69 MP: 12/12
  6923 | D:8      | HP: 2/69 [orc warrior/+0 dire flail (13)]
  7329 | D:8      | Noticed Ijustatesigmund's ghost (novice OpFi)
  7336 | D:8      | Reached skill level 15 in Slings
  7337 | D:8      | Found a transporter.
  7368 | D:8      | Reached ** piety under Okawaru
  7380 | D:8      | Found a transporter.
  7473 | D:8      | Reached skill level 5 in Invocations
  8207 | D:9      | Reached skill level 1 in Armour
  8254 | D:9      | Found an ancient bone altar of Kikubaaqudgha.
  8306 | D:9      | Found Feughan's Book Emporium.
  8814 | D:9      | Found a staircase to the Lair.
  9010 | D:9      | Found a deep blue altar of Sif Muna.
  9151 | D:10     | Entered Level 10 of the Dungeon
  9185 | D:10     | Found a transporter.
  9190 | D:10     | Noticed HydraWiggins's ghost (novice TrAE)
  9191 | D:10     | Noticed a moth of wrath
  9192 | D:10     | Noticed a komodo dragon
  9379 | D:10     | Found Jonniss's Magic Scroll Shoppe.
  9410 | D:10     | Reached skill level 16 in Slings
  9473 | D:10     | Noticed Joseph
  9839 | D:10     | Killed Joseph
  9839 | D:10     | Reached *** piety under Okawaru
 10697 | D:11     | Noticed a two-headed ogre
 10701 | D:11     | Noticed a glowing orange brain
 10701 | D:11     | a two-headed ogre changed into a glowing orange brain
 10722 | D:11     | Killed a glowing orange brain
 10722 | D:11     | Reached XP level 11. HP: 60/77 MP: 15/15
 10743 | D:11     | Noticed a red ugly thing
 10816 | D:10     | Killed a red ugly thing
 10990 | D:11     | Found a shimmering altar of Xom.
 11040 | D:11     | Found a staircase to the Orcish Mines.
 11098 | D:11     | Noticed Psyche
 11122 | D:11     | Killed Psyche
 11311 | D:11     | Reached skill level 17 in Slings
 11321 | D:11     | Reached **** piety under Okawaru
 11489 | D:11     | Noticed a tengu warrior
 11539 | D:11     | HP: 1/77 [tengu warrior/+0 broad axe (4)]
 11541 | D:11     | Slain by a tengu warrior

Levels and vault maps discovered:
D:1:      evilmike_arrival_run_for_it, layout_rooms, serial_bayou,
          serial_bayou_pond_c, serial_bayou_crossing, serial_bayou_pond_d,
          serial_bayou_ford_a, serial_bayou_shore_b, serial_bayou_shore_b,
          corexii_item_surrounded_by_moat
D:2:      minmay_door_path, layout_basic, first_ration, hangedman_decor_lopped,
          uniq_sigmund
D:3:      layout_loops_ring, lightli_temple_of_fire, uniq_terence, uniq_natasha,
          uniq_grinder, uniq_crazy_yiuf_cottage
D:4:      layout_basic, lemuel_crystal_altar, nicolae_overflow_hidden_temple,
          serial_shops, shop, chequers_arboretum, hangedman_glass_teeth,
          dk_vineyard_3, hex_large, kennysheep_generic_room_3
D:5:      layout_cave_pools, kennysheep_mini, makhleb_altar_promises_db,
          portal_sewer_entry_b, uniq_edmund
D:6:      layout_cave_pools, nicolae_overflow_crystal_walls,
          minmay_temple_entry_mist
D:7:      layout_rooms, kennysheep_mini_moat, basic_altar
D:8:      layout_loops_corners, special_room [special_room_orc],
          gammafunk_ghost_arena, grunt_ogre_cave, lemuel_angel_altar
D:9:      layout_irregular_city, lemuel_zombie_altar_kikubaaqudgha,
          marbit_many_paths, lair_entry_dummy, serial_shops, shop,
          chequers_serial_rivers_room_a
D:10:     layout_long_grid, gammafunk_ghost_berserking_beasts, serial_shops,
          shop, minivault_1, uniq_joseph
D:11:     minmay_razor_zed, layout_stronghold, david_orc_3, basic_altar,
          minmay_shattered_shrine, uniq_psyche

Skill      XL: |  1  2  3  4  5  6  7  8  9 10 11 |
---------------+----------------------------------+-----
Slings         | 6 7 8 10 11 13 14 16 17 | 17.1
Fighting       | 2 3 4 5 6 7 8 |  8.2
Invocations    | 3 6 |  6.9
Armour         | 3 4 |  4.3
Dodging        | |  2.1
Stealth        | |  1.1

Action                   |  1- 3 |  4- 6 |  7- 9 | 10-12 || total
-------------------------+-------+-------+-------+-------++-------
Melee: Short sword       |    14 |    24 |       |    17 ||    55
 Fire: Hunting sling     |    79 |    95 |   536 |   511 ||  1221
Invok: Heroism           |       |       |     1 |    12 ||    13
Evoke: Wand              |       |       |       |    23 ||    23
  Use: Potion            |       |     2 |       |     5 ||     7
       Scroll            |       |     1 |    13 |     5 ||    19
  Eat: Chunk             |       |     5 |    10 |    10 ||    25
       Ration            |       |       |     1 |     1 ||     2
Armor: Leather armour    |     2 |       |       |       ||     2
       Ring mail         |     3 |     7 |       |       ||    10
       Skin              |       |     2 |       |       ||     2
       Scale mail        |       |     4 |    35 |       ||    39
       Chain mail        |       |       |     8 |    66 ||    74
Dodge: Dodged            |    10 |    33 |    78 |   100 ||   221

Table legend:
 A = Non-vault XP
 B = Vault XP
 C = Vault XP percentage of total XP
 D = Non-vault monster count
 E = Vault monster count
 F = Vault count percentage of total count
                 A         B        C        D         E       F
            +---------+---------+-------+---------+---------+-------
      Total |    7491 |    3589 |  32.4 |     199 |      62 |  23.8
            +---------+---------+-------+---------+---------+-------
        D:1 |      36 |       5 |  12.2 |      25 |       1 |   3.8
        D:2 |      79 |     235 |  74.8 |      22 |       3 |  12.0
        D:3 |     222 |     343 |  60.7 |      26 |       3 |  10.3
        D:4 |     146 |       8 |   5.2 |       7 |       2 |  22.2
        D:5 |     593 |     157 |  20.9 |      14 |       4 |  22.2
        D:6 |     549 |       0 |   0.0 |      15 |       0 |   0.0
        D:7 |    1318 |       0 |   0.0 |      28 |       0 |   0.0
        D:8 |     840 |     586 |  41.1 |      19 |      21 |  52.5
        D:9 |    1144 |      13 |   1.1 |      24 |       7 |  22.6
       D:10 |     368 |     991 |  72.9 |       8 |       2 |  20.0
       D:11 |    2196 |    1108 |  33.5 |      11 |      13 |  54.2
      Sewer |       0 |     143 | 100.0 |       0 |       6 | 100.0
            +---------+---------+-------+---------+---------+-------
